[Event "*** Titled Tuesday Blitz"]
[Site "Chess.com"]
[Date "2021.04.06"]
[Round "2"]
[White "gagtemp"]
[Black "Triumphmate"]
[Result "0-1"]
[WhiteElo "1998"]
[BlackElo "2374"]
[TimeControl "180+1"]
[EndTime "10:17:36 PDT"]
[Termination "Triumphmate won by resignation"]

1. e4 d5 2. exd5 Nf6 3. c4 c6 4.
d4 cxd5 5. Nf3 Nc6 6. Nc3 Bg4 7.
cxd5 Nxd5 8. Be3 e6 9. Bc4 Be7 10. O-O O-O 11. h3 Bh5 12. a3 Rc8 13. Ba2 h6 14. Rc1 Bf6 15. Nxd5 exd5 16. g4 Bg6 17. Rc5 Be4 18. Nd2 Bxd4 19. Rxc6 bxc6 20. Bxd4 Bd3 21. Re1 c5 22. Be5 d4 23. Qf3 c4 24. Rc1 Qa5 25.
Bxc4 Qxd2 26. Bxf7+ Kh8 27. Rxc8 Rxc8 28. Be6 Qe1+ 29.
Kh2 Qxe5+ 30. Kg1 Rc1+ 0-1

[Event "*** Titled Tuesday Blitz"]
[Site "Chess.com"]
[Date "2021.04.06"]
[Round "2"]
[White "OlifantCZ"]
[Black "Shankovskyi"]
[Result "1-0"]
[WhiteElo "2280"]
[BlackElo "2478"]
[TimeControl "180+1"]
[EndTime "10:17:38 PDT"]
[Termination "OlifantCZ won by resignation"]

1. c4 e6 2. g3 d5 3. Bg2 Nf6 4. Nf3 c5 5. O-O Be7 6. b3 O-O 7. e3 Nc6 8. Bb2 a6 9. Nc3 b6 10. cxd5 exd5 11. d4 Be6 12. Ne5 Qc7 13. f4 cxd4 14.
exd4 Nxd4 15. Rc1 Bc5 16. Kh1 Nf5 17. b4 Be7 18. Nxd5 Qa7 19. Nxe7+ Qxe7 20. Nc6 Qd7 21. Bxf6 Qxd1 22. Rfxd1 gxf6 23. Nd4 Rad8 24. Nxf5 Bxf5 25. Bb7 a5 26. bxa5 bxa5 27. Rxd8 Rxd8 28. Rc5 Rd1+ 29.
Kg2 Rd2+ 30. Kf3 Rxa2 31. Rxf5 a4 32. h4 a3 33. Ra5 Ra1 34. Bd5 Rd1 35. Ba2 Rd3+ 36.
Kg4 Kg7 37. Ra7 Kg6 38. Bxf7+ Kh6 39. Bg8 Kg6 40. Bxh7+ Kh6 41. Bxd3 1-0

[Event "*** Titled Tuesday Blitz"]
[Site "Chess.com"]
[Date "2021.04.06"]
[Round "2"]
[White "Omk124"]
[Black "BogdanDeac"]
[Result "0-1"]
[WhiteElo "2590"]
[BlackElo "3053"]
[TimeControl "180+1"]
[EndTime "10:17:39 PDT"]
[Termination "BogdanDeac won by resignation"]

1. e4 c5 2. Nf3 a6 3. d4 cxd4 4. Nxd4 Nf6 5. Nc3 e5 6. Nb3 Bb4 7. Bd3 Bxc3+ 8. bxc3 d6 9. O-O O-O 10. Qe2 Qc7 11. Bb2 Be6 12. f3 Nbd7 13. Rfd1 Nb6 14. Ba3 Na4 15. Qe1 Rfd8 16. c4 Nd7 17. Kh1 Ndb6 18.
Qb4 Rac8 19. Na5 Nc5 20. Rab1 Nba4 21. Nb3 h6 22. Bf1 Kf8 23. Qd2 Nb6 24. Nxc5 dxc5 25. Qa5 Rxd1 26. Rxd1 Nxc4 27. Bxc4 Qxa5 28. Bxe6 fxe6 0-1

[Event "*** Titled Tuesday Blitz"]
[Site "Chess.com"]
[Date "2021.04.06"]
[Round "2"]
[White "Ginger_GM"]
[Black "vugarrasulov"]
[Result "1/2-1/2"]
[WhiteElo "2562"]
[BlackElo "2867"]
[TimeControl "180+1"]
[EndTime "10:17:39 PDT"]
[Termination "Game drawn by repetition"]

1. d4 d5 2. c4 dxc4 3. Nf3 Nf6 4. e3 Bg4 5. Bxc4 e6 6. h3 Bh5 7. Nc3 Nbd7 8. O-O a6 9. Be2 Bd6 10. Ng5 Bxe2 11. Qxe2 O-O 12. Nge4 Nxe4 13. Nxe4 Be7 14. b3 Nf6 15. Nxf6+ Bxf6 16. Bb2 Qd7 17. Rfd1 Rfd8 18. Rac1 c6 19. a4 h6 20. Rc5 Be7 21. Rcc1 Qd5 22. Qc4 f5 23. Qxd5 exd5 24. Bc3 Bd6 25. g3 Kf7 26. b4 b5 27. a5 Ke6 28. Bd2 Rac8 29. Kf1 g5 30. Ke2 Rf8 31. Rg1 Kd7 32. Kd3 Rce8 33. Rce1 Re6 34. Rh1 Rfe8 35. h4 g4 36. Rc1 Re4 37. Rc2 R8e6 38. Rcc1 Be7 39.
Rc2 h5 40. Rcc1 Bf6 41. Rhf1 f4 42. Rh1 fxg3 43. fxg3 Be7 44. Rcf1 Rf6 45. Rxf6 Bxf6 46. Rf1 Ke6 47. Rf4 Rxf4 48. exf4 Be7 49. Ke3 Kf5 50. Be1 Bf6 51. Bd2 Be7 52. Be1 Bd6 53. Bd2 Be7 1/2-1/2

[Event "*** Titled Tuesday Blitz"]
[Site "Chess.com"]
[Date "2021.04.06"]
[Round "2"]
[White "ellennilssen"]
[Black "BvsN"]
[Result "1/2-1/2"]
[WhiteElo "2248"]
[BlackElo "2455"]
[TimeControl "180+1"]
[EndTime "10:17:41 PDT"]
[Termination "Game drawn by repetition"]

1. Nf3 d5 2. b3 c6 3. Bb2 Bg4 4. e3 e6 5. h3 Bh5 6. c4 Nd7 7. Be2 Ngf6 8. Ne5 Bxe2 9. Qxe2 Nxe5 10. Bxe5 Bd6 11. Bxd6 Qxd6 12. O-O O-O 13. d4 e5 14. dxe5 Qxe5 15. Nd2 Rad8 16. Nf3 Qh5 17. Rfd1 Ne4 18. Rac1 dxc4 19. Qxc4 Ng5 20. Qg4 Qxg4 21. hxg4 Ne4 22. Ne5 f6 23. Nc4 Rd5 24. f3 Nc3 25. Rxd5 Nxd5 26. Na5 Rf7 27. Kf2 Kf8 28. Rc4 Ke8 29. Re4+ Kd8 30. Nc4 Re7 31. Rxe7 Nxe7 32. Ke2 Kc7 33.
Kd3 b5 34. Nd2 Kd6 35. Ne4+ Kd5 36. Nc3+ Kd6 37. Ne4+ Kd5 38. Nc3+ Kc5 39. Ne4+ Kd5 1/2-1/2

[Event "*** Titled Tuesday Blitz"]
[Site "Chess.com"]
[Date "2021.04.06"]
[Round "2"]
[White "esrosenberg"]
[Black "muchojogo"]
[Result "0-1"]
[WhiteElo "2214"]
[BlackElo "2443"]
[TimeControl "180+1"]
[EndTime "10:17:41 PDT"]
[Termination "muchojogo won by checkmate"]

1. Nf3 Nf6 2. c4 g6 3. Nc3 Bg7 4. e4 d6 5. d4 O-O 6. h3 e5 7.
dxe5 dxe5 8. Qxd8 Rxd8 9. Bg5 Re8 10. Nd5 Nxd5 11. cxd5 c6 12. Bc4 cxd5 13. Bxd5 Nd7 14. Rc1 Nb6 15. Rc7 Nxd5 16. exd5 f6 17. Be3 Rd8 18. O-O Bf8 19. Rfc1 Bd6 20. R7c4 b6 21. Bh6 Ba6 22. Rh4 Rac8 23. Rc6 Bb7 24. Rxc8 Rxc8 25. Ra4 a5 26. Be3 Bxd5 27. Bxb6 Rc1+ 28. Kh2 e4+ 29.
g3 exf3 30. Rd4 Rc6 31. Bxa5 Bxa2 32. b4 Bc4 33. Bd8 Kf7 34. Ba5 Bf1 35. Kg1 Bg2 36. Rd1 Bxh3 37. Kh2 Bg2 38. b5 Rc5 39. Rxd6 Rh5+ 40.
Kg1 Rh1# 0-1

[Event "*** Titled Tuesday Blitz"]
[Site "Chess.com"]
[Date "2021.04.06"]
[Round "2"]
[White "evgchess5"]
[Black "tvjosue"]
[Result "1/2-1/2"]
[WhiteElo "2925"]
[BlackElo "2575"]
[TimeControl "180+1"]
[EndTime "10:17:42 PDT"]
[Termination "Game drawn by agreement"]

1. e4 g6 2. d4 Bg7 3. Nf3 c6 4. h3 d5 5. Nc3 dxe4 6. Nxe4 Nf6 7. Nxf6+ exf6 8. Bc4 O-O 9. O-O Nd7 10. c3 b5 11. Bb3 Nb6 12. Re1 Qd6 13. Nd2 f5 14. Nf3 a5 15. Ne5 Nd5 16. Qf3 Be6 17. Bf4 Nxf4 18.
Qxf4 Bd5 19. Nd3 Qd8 20. Nc5 a4 21. Bxd5 Qxd5 22. Qf3 Qxf3 23. gxf3 Rfe8 24. Nd3 Bf8 25. Kf1 Bd6 26. Rxe8+ Rxe8 27. Re1 Rxe1+ 28. Kxe1 Kf8 29. b3 axb3 30. axb3 Ke7 31. Ke2 g5 32. c4 bxc4 33.
bxc4 Ke6 34. c5 Bc7 35. Nb4 Kd7 36. d5 cxd5 37. Nxd5 Kc6 38. Ne7+ Kxc5 39. Nxf5 1/2-1/2

[Event "*** Titled Tuesday Blitz"]
[Site "Chess.com"]
[Date "2021.04.06"]
[Round "2"]
[White "FMOlexandrProhorov"]
[Black "KNCP_719"]
[Result "1-0"]
[WhiteElo "2193"]
[BlackElo "2585"]
[TimeControl "180+1"]
[EndTime "10:17:42 PDT"]
[Termination "FMOlexandrProhorov won by checkmate"]

1. e4 Nf6 2. e5 Nd5 3. c4 Nb6 4.
a4 a5 5. d4 d6 6. exd6 exd6 7.
Nc3 Be7 8. Nf3 O-O 9. h3 Bf5 10.
Be2 Nc6 11. Be3 d5 12. c5 Nc4 13. O-O Nxe3 14. fxe3 Bf6 15. g4 Bg6 16. Bd3 Re8 17. Qd2 Bg5 18. Rae1 h6 19. Bxg6 fxg6 20. Qf2 Rf8 21.
Qg3 Qd7 22. h4 Be7 23. Rf2 Kh7 24. Ref1 Nb4 25. Ne5 Qe6 26. h5 gxh5 27. gxh5 Rxf2 28. Rxf2 Rf8 29. Rg2 Rg8 30. Qg6+ Qxg6 31. hxg6+ Kh8 32. Nf7# 1-0

[Event "*** Titled Tuesday Blitz"]
[Site "Chess.com"]
[Date "2021.04.06"]
[Round "2"]
[White "CheckThis4"]
[Black "Camels1981"]
[Result "1-0"]
[WhiteElo "2620"]
[BlackElo "2341"]
[TimeControl "180+1"]
[EndTime "10:17:42 PDT"]
[Termination "CheckThis4 won by resignation"]

1. e4 c5 2. Nf3 e6 3. Nc3 Nc6 4. Bb5 Be7 5. O-O Qc7 6. d4 cxd4 7. Nxd4 Nf6 8. Re1 O-O 9. Bxc6 dxc6 10. e5 Nd5 11. Qg4 Kh8 12. Bg5 Nxc3 13. bxc3 Bxg5 14.
Qxg5 h6 15. Qh5 Bd7 16. Re3 c5 17. Ne2 Bc6 18. Nf4 Rad8 19. Rae1 Qe7 20. Rg3 Rd2 21.
h4 Kh7 22. Ree3 a5 23. Rg4 a4 24. Reg3 Rg8 25. Nh3 a3 26. Ng5+ Qxg5 27. hxg5 Rxc2 28.
g6+ fxg6 29. Qxg6+ Kh8 30. Qxc2 1-0

[Event "*** Titled Tuesday Blitz"]
[Site "Chess.com"]
[Date "2021.04.06"]
[Round "2"]
[White "Sanyura"]
[Black "Firouzja2003"]
[Result "0-1"]
[WhiteElo "2592"]
[BlackElo "3133"]
[TimeControl "180+1"]
[EndTime "10:17:43 PDT"]
[Termination "Firouzja2003 won by resignation"]

1. e4 b6 2. Nc3 Bb7 3. Nf3 e6 4. d4 Bb4 5. Bd3 d5 6. exd5 Qxd5 7. O-O Qh5 8. Be4 Bxe4 9. Nxe4 Nf6 10. Nxf6+ gxf6 11. Bf4 Bd6 12. Bg3 Nc6 13. Re1 O-O-O 14. c3 Rhg8 15. Qe2 Kb7 16. a4 a5 17. Nd2 Qh6 18. Ne4 Bxg3 19. hxg3 Rd5 20. Nc5+ Kb8 21. Qa6 Nd8 22. b4 Rgg5 23. bxa5 Rh5 24. f4 Rxc5 25.
dxc5 Qf8 26. Qc4 Rxc5 27. Qd3 Rxa5 28. Red1 Nc6 29. Qxh7 Qc5+ 30. Kh1 Kb7 31. Qxf7 Ra8 32. Qg6 Rh8+ 0-1

[Event "*** Titled Tuesday Blitz"]
[Site "Chess.com"]
[Date "2021.04.06"]
[Round "2"]
[White "Alliswell998"]
[Black "schondeln"]
[Result "1/2-1/2"]
[WhiteElo "2622"]
[BlackElo "2384"]
[TimeControl "180+1"]
[EndTime "10:17:43 PDT"]
[Termination "Game drawn by repetition"]

1. e4 d5 2. exd5 Qxd5 3. Nc3 Qa5 4. d4 Nf6 5. Bd2 Bg4 6. f3 Bd7 7. Bc4 Qb6 8. Nge2 e6 9. Be3 Nc6 10. Qd2 Nb4 11. Nf4 Bd6 12. Ne4 Nxe4 13. fxe4 Bxf4 14. Bxf4 Qxd4 15. O-O-O Qxd2+ 16. Rxd2 O-O-O 17. Rhd1 Bc6 18. c3 Na6 19. Bxa6 bxa6 20. Rd4 f6 21. Be3 e5 22.
Rxd8+ Rxd8 23. Bxa7 Rxd1+ 24. Kxd1 Bxe4 25. g3 Bd5 26. a3 Kd7 27. Kd2 Bc4 28. Bc5 Ke6 29. Ke3 g6 30. h4 c6 31. Bf8 Kf5 32. Bg7 Ke6 33.
Kf3 Bd5+ 34. Ke3 Bc4 35. Bh8 a5 36. Bg7 a4 37. Bf8 h5 38. Bg7 f5 39. Bh8 Kd5 40.
Bg7 Bf1 41. Bh8 Bg2 42. Bg7 Be4 43. Bh8 Bc2 44. Bg7 Bb1 45. Bh8 Bc2 46. Bg7 Bb1 47. Bh8 Bc2 1/2-1/2

[Event "*** Titled Tuesday Blitz"]
[Site "Chess.com"]
[Date "2021.04.06"]
[Round "2"]
[White "NoGuru"]
[Black "ckgchess"]
[Result "0-1"]
[WhiteElo "2335"]
[BlackElo "2690"]
[TimeControl "180+1"]
[EndTime "10:17:43 PDT"]
[Termination "ckgchess won on time"]

1. Nf3 d6 2. d4 Kd7 3. g3 Ke8 4. Bg2 e6 5. c4 Ne7 6. Nc3 g6 7. e4 Bg7 8. O-O h6 9. Re1 Kf8 10. e5 d5 11. b3 Kg8 12. Ba3 c6 13. Qd2 Nd7 14. Rac1 Nf8 15. h4 h5 16. Bh3 Bh6 17. Ng5 Nf5 18. Rcd1 Nh7 19. Bc1 Bd7 20. Qd3 Nxg5 21.
hxg5 Bxg5 22. Bxf5 gxf5 23. Kg2 Bxc1 24. Rxc1 Qg5 25. Ne2 Kg7 26. cxd5 exd5 27. Qe3 Qxe3 28. fxe3 f6 29. exf6+ Kxf6 30. Nf4 Rae8 31. Nd3 h4 32. gxh4 Rxh4 33. Rh1 Rxh1 34. Rxh1 Rxe3 35. Nf4 Re4 36. Kf3 Rxd4 37. Rh6+ Ke5 38. Ng6+ Kd6 39. Nf8+ Ke7 40.
Ng6+ Kd8 41. Ne5 Re4 42. Nd3 b6 43. Rh7 c5 44. Nf4 d4 45. Nd5 Bc6 46. Rh8+ Re8 47. Rxe8+ Kxe8 0-1

[Event "*** Titled Tuesday Blitz"]
[Site "Chess.com"]
[Date "2021.04.06"]
[Round "2"]
[White "tapu2"]
[Black "Rozhkov_V"]
[Result "1-0"]
[WhiteElo "2662"]
[BlackElo "2427"]
[TimeControl "180+1"]
[EndTime "10:17:44 PDT"]
[Termination "tapu2 won on time"]

1. e4 c5 2. Nc3 d6 3. f4 a6 4. g3 b5 5. Bg2 Bb7 6. d3 e6 7. Nh3 Qc7 8. O-O Nd7 9. f5 e5 10. Nd5 Bxd5 11. exd5 Be7 12. Nf2 h5 13. h4 Ngf6 14. c4 Rg8 15. Bg5 Rb8 16. Qe2 Ng4 17.
Qe4 bxc4 18. dxc4 Rxb2 19. Nxg4 hxg4 20. Qxg4 Qa5 21. Rab1 Rxb1 22. Rxb1 Qxa2 23. Qe4 f6 24. Be3 Bd8 25. Rb7 Ba5 26. Qg4 Ke7 27. h5 Bc3 28. h6 1-0

[Event "*** Titled Tuesday Blitz"]
[Site "Chess.com"]
[Date "2021.04.06"]
[Round "2"]
[White "iamnotIM"]
[Black "Godzillator"]
[Result "1-0"]
[WhiteElo "2543"]
[BlackElo "2293"]
[TimeControl "180+1"]
[EndTime "10:17:44 PDT"]
[Termination "iamnotIM won by checkmate"]

1. c4 c6 2. Nf3 d5 3. g3 Nf6 4. Bg2 Bg4 5. O-O e6 6. d3 Nbd7 7. Be3 Be7 8. Qb3 b6 9. cxd5 cxd5 10. Nd4 Rc8 11. h3 Bh5 12. g4 Bg6 13. f4 h5 14. f5 exf5 15. gxf5 Bh7 16. Nc3 Nc5 17.
Qb5+ Kf8 18. Nc6 Qd7 19. Nxe7 Qxe7 20. Bd4 Kg8 21. b4 Nb7 22. Nxd5 Nxd5 23. Qxd5 Nd6 24. f6 gxf6 25. Bxf6 Qe3+ 26. Kh1 Nf5 27. Rxf5 Bxf5 28.
Qxf5 Re8 29. Rg1 Rh6 30. Be4+ Rg6 31. Rxg6+ fxg6 32. Qxg6+ Kf8 33. Qg7# 1-0

[Event "*** Titled Tuesday Blitz"]
[Site "Chess.com"]
[Date "2021.04.06"]
[Round "2"]
[White "Skatchkov_V"]
[Black "RamyresCoelho"]
[Result "1-0"]
[WhiteElo "2601"]
[BlackElo "2174"]
[TimeControl "180+1"]
[EndTime "10:17:45 PDT"]
[Termination "Skatchkov_V won by checkmate"]

1. c4 Nf6 2. Nf3 g6 3. Nc3 Bg7 4. g3 O-O 5. Bg2 d6 6. O-O e5 7. d3 c6 8. Rb1 h6 9. b4 Be6 10. b5 Qc7 11. Nd2 d5 12. Ba3 Rd8 13. bxc6 bxc6 14.
cxd5 Nxd5 15. Nce4 f5 16. Nc5 Bc8 17. Qa4 Kh7 18.
Rfc1 a5 19. Nc4 e4 20. Bb2 Na6 21. Nxa6 Bxa6 22. Bxg7 Kxg7 23. dxe4 fxe4 24. Bxe4 Bxc4 25. Qxc4 Qd6 26. Qxc6 Qxc6 27. Rxc6 Nb4 28. Rxg6+ Kf7 29. a3 Nd5 30. Rb7+ Ne7 31. Rxh6 Rd1+ 32. Kg2 Re8 33.
Bg6+ Kg7 34. Bxe8 Kxh6 35. Rxe7 Rd2 36. g4 Kg5 37. Kg3 Kf6 38. Re4 Kg5 39. Re6 Rd3+ 40. exd3 a4 41. h4# 1-0

[Event "*** Titled Tuesday Blitz"]
[Site "Chess.com"]
[Date "2021.04.06"]
[Round "2"]
[White "IMAghasiyevKamal"]
[Black "Kobalia"]
[Result "0-1"]
[WhiteElo "2516"]
[BlackElo "2761"]
[TimeControl "180+1"]
[EndTime "10:17:46 PDT"]
[Termination "Kobalia won by checkmate"]

1. d4 Nf6 2. c4 g6 3. f3 Bg7 4. e4 O-O 5. Nc3 c6 6. Be3 a6 7. Bd3 b5 8. cxb5 axb5 9. a3 Na6 10.
Nge2 Rb8 11. b4 Nc7 12. O-O d6 13. Qd2 Nd7 14. f4 Nb6 15. f5 d5 16. e5 Nc4 17. Bxc4 dxc4 18. Bh6 Bxf5 19. Rxf5 gxf5 20.
Qg5 Ne6 21. Qg3 Kh8 22. Bxg7+ Nxg7 23. Qf3 Ne6 24. Rd1 Rg8 25. Qxf5 Qf8 26. Qe4 Qh6 27.
Rf1 Rg7 28. Qxc6 Rbg8 29. g3 Qe3+ 30. Kg2 Nxd4 31. Nxd4 Qxd4 32. Nxb5 Qxe5 33. Qxc4 Rxg3+ 34. Kh1 Rg2 35. Qd4 Rxh2# 0-1

[Event "*** Titled Tuesday Blitz"]
[Site "Chess.com"]
[Date "2021.04.06"]
[Round "2"]
[White "Lion-Al-Messi"]
[Black "PavelShkapenko"]
[Result "0-1"]
[WhiteElo "2501"]
[BlackElo "2731"]
[TimeControl "180+1"]
[EndTime "10:17:46 PDT"]
[Termination "PavelShkapenko won by resignation"]

1. e4 e5 2. Nf3 Nc6 3. Bb5 Bc5 4. c3 f5 5. d4 fxe4 6. Nxe5 Nxe5 7. Qh5+ Nf7 8. Bc4 Qe7 9. dxc5 Nf6 10. Qh4 Qxc5 11. Bxf7+ Kxf7 12. Bg5 d5 13. Bxf6 gxf6 14. O-O Bf5 15.
Nd2 Rag8 16. Nb3 Qe7 17. Nd4 Bd7 18. Rfe1 Rg6 19. f3 c5 20. Ne2 f5 21. Qxe7+ Kxe7 22.
Nf4 Rd6 23. Rad1 Bc6 24. Kf2 Rhd8 25. fxe4 fxe4 26. Ne2 d4 27. cxd4 cxd4 28. Ng3 e3+ 29. Kg1 Kf6 30. Rf1+ Kg6 31. Rf4 d3 32. Rg4+ Kf6 33. Rf4+ Ke5 34. Rf5+ Ke6 35. Rf4 e2 36. Re1 Bb5 37. Ne4 d2 38. Nxd2 Rxd2 39. Kf2 Rd1 40.
Rb4 0-1

[Event "*** Titled Tuesday Blitz"]
[Site "Chess.com"]
[Date "2021.04.06"]
[Round "2"]
[White "Natalya_Buksa"]
[Black "Witik"]
[Result "1-0"]
[WhiteElo "2519"]
[BlackElo "2716"]
[TimeControl "180+1"]
[EndTime "10:17:47 PDT"]
[Termination "Natalya_Buksa won by resignation"]

1. d4 Nf6 2. Nc3 g6 3. e4 d6 4. Bg5 Bg7 5. e5 Nfd7 6. f4 O-O 7. h4 c5 8. h5 cxd4 9. hxg6 hxg6 10. Qxd4 dxe5 11. Qf2 Nf6 12. Qh4 Nh5 13. g4 f6 14.
gxh5 fxg5 15. Qxg5 e6 16. Qxg6 Qf6 17. Qxf6 Rxf6 18.
fxe5 Rf5 19. O-O-O Nc6 20. Bd3 Bh6+ 21. Kb1 Rxe5 22. Nf3 Ra5 23. Rdg1+ Kf7 24. Rg6 Bf4 25. h6 Bd7 26. Rg7+ Kf6 27. Rxd7 Rh8 28. h7 Ne5 29. Nxe5 Bxe5 30. Ne4+ Kg6 31. Nd6+ 1-0

[Event "*** Titled Tuesday Blitz"]
[Site "Chess.com"]
[Date "2021.04.06"]
[Round "2"]
[White "xozr"]
[Black "gmgamil"]
[Result "0-1"]
[WhiteElo "2349"]
[BlackElo "2805"]
[TimeControl "180+1"]
[EndTime "10:17:47 PDT"]
[Termination "gmgamil won by resignation"]

1. e4 e5 2. Nf3 d6 3. c4 Nf6 4. Nc3 g6 5. h3 Bg7 6. g4 O-O 7. d3 c6 8. Bg2 a6 9. Be3 b5 10. Qd2 Bb7 11. Bh6 Nbd7 12. cxb5 axb5 13. O-O Nc5 14.
b4 Ne6 15. Ne2 Ra3 16. Rfd1 Qe7 17. Ng3 Rfa8 18. Be3 c5 19. bxc5 Nxc5 20. Qc2 Nfd7 21. d4 Ne6 22. d5 Nf4 23. Qc7 Ba6 24. Bc1 Ra4 25. Bb2 Rc8 26. Qa7 Rc2 27. Rd2 Rc5 28. a3 Bc8 29. Qxa4 bxa4 30. Rb1 Qd8 31. Ba1 Qc7 32.
Rdb2 Rc1+ 33. Kh2 Rxb1 34. Rxb1 Qc2 35. Rf1 Ba6 36. Ne1 Qa2 37. Rg1 Qxa1 38. Nd3 0-1

[Event "*** Titled Tuesday Blitz"]
[Site "Chess.com"]
[Date "2021.04.06"]
[Round "2"]
[White "SargissyanSargis"]
[Black "MIJuanReyesRosa"]
[Result "1-0"]
[WhiteElo "2375"]
[BlackElo "2001"]
[TimeControl "180+1"]
[EndTime "10:17:47 PDT"]
[Termination "SargissyanSargis won by checkmate"]

1. e4 c5 2. Nc3 a6 3. Nf3 e6 4. d4 cxd4 5. Nxd4 Qc7 6. Bd3 Nf6 7. f4 d6 8. Qf3 b5 9. g4 Bb7 10. g5 Nfd7 11. Be3 Nc6 12. O-O-O Be7 13. Kb1 O-O 14. h4 b4 15. Nce2 Rfe8 16. g6 hxg6 17. h5 g5 18.
fxg5 Nce5 19. Qh3 Nf8 20. g6 f5 21. h6 Nexg6 22. hxg7 Kxg7 23. Nxe6+ Nxe6 24. Qh7+ Kf6 25. exf5 Nef8 26. Bd4+ Ne5 27. Rh6+ Ng6 28. Rxg6# 1-0

[Event "*** Titled Tuesday Blitz"]
[Site "Chess.com"]
[Date "2021.04.06"]
[Round "2"]
[White "Ze-Pequeno"]
[Black "kikydu96"]
[Result "1-0"]
[WhiteElo "2247"]
[BlackElo "2436"]
[TimeControl "180+1"]
[EndTime "10:17:49 PDT"]
[Termination "Ze-Pequeno won by checkmate"]

1. e4 c5 2. Nf3 d6 3. d4 cxd4 4. Nxd4 Nf6 5. Nc3 Nc6 6. Bg5 e6 7. Qd2 Be7 8. O-O-O Nxd4 9. Qxd4 O-O 10. f4 h6 11. Bh4 Qa5 12. Bc4 e5 13. fxe5 dxe5 14. Qd3 Bg4 15. Rdf1 Rad8 16. Qg3 g5 17. Rxf6 Bxf6 18.
Qxg4 Rc8 19. Nd5 Bd8 20. Qxc8 gxh4 21. Kb1 Bg5 22. Qxb7 Qd2 23. Bb3 Qxg2 24. Rd1 Qxh2 25. Qxa7 Qe2 26. Rg1 h3 27. Qe7 h2 28. Rxg5+ hxg5 29. Qxg5+ Kh7 30. Nf6+ Kh8 31. Qh6# 1-0

[Event "*** Titled Tuesday Blitz"]
[Site "Chess.com"]
[Date "2021.04.06"]
[Round "2"]
[White "volkanyirik"]
[Black "jd001"]
[Result "1-0"]
[WhiteElo "2417"]
[BlackElo "2159"]
[TimeControl "180+1"]
[EndTime "10:17:50 PDT"]
[Termination "volkanyirik won on time"]

1. e4 e6 2. Nc3 d5 3. d4 Nf6 4. exd5 exd5 5. Bd3 Bd6 6. Nf3 O-O 7. O-O c6 8. h3 h6 9. Ne2 Re8 10. Bf4 Qc7 11.
Bxd6 Qxd6 12. Ne5 Be6 13. f4 Nbd7 14. Ng3 Nf8 15. c3 Rad8 16. Qf3 c5 17. Rad1 cxd4 18.
cxd4 a6 19. Bb1 Rc8 20. Nh5 Nxh5 21. Qxh5 f6 22. Ng6 Bf7 23. f5 Re3 24. Rf3 Rce8 25.
Rxe3 Rxe3 26. Qh4 Bxg6 27. fxg6 Rg3 28. Qh5 Qf4 29. Qxd5+ Kh8 30. Qf7 Rxg2+ 31. Kxg2 Qg5+ 32.
Kf2 Qh4+ 33. Ke2 Qh5+ 34. Kd2 Qg5+ 35. Kc3 Qa5+ 36. b4 Qa3+ 37. Kc2 Qa4+ 38. Kd2 Qxb4+ 39. Ke3 Qc3+ 40. Kf2 Qb2+ 41. Kg1 Qb4 42. Qb3 Qd6 43. Qf3 Nd7 44. Qe4 Qg3+ 45. Qg2 Qe3+ 46. Kh1 f5 47.
Bxf5 Nf6 48. Qxb7 Qf3+ 49. Qxf3 1-0

[Event "*** Titled Tuesday Blitz"]
[Site "Chess.com"]
[Date "2021.04.06"]
[Round "2"]
[White "Orest_Vovk"]
[Black "jefferyx"]
[Result "0-1"]
[WhiteElo "2575"]
[BlackElo "2968"]
[TimeControl "180+1"]
[EndTime "10:17:51 PDT"]
[Termination "jefferyx won on time"]

1. g4 d6 2. Bg2 Nc6 3. g5 g6 4. h4 h6 5. h5 gxh5 6. Rxh5 Bf5 7.
gxh6 Bg6 8. Rh1 Bxh6 9. d3 Qd7 10.
Bxh6 Nxh6 11. Bh3 e6 12. Nc3 O-O-O 13. Qd2 Ng4 14. Qf4 Nge5 15. Bg2 Rxh1 16. Bxh1 Rh8 17.
Bg2 Qe7 18. O-O-O Rh4 19. Qd2 Rh2 20. Bxc6 Nxc6 21. Qe3 Qh4 22. f4 Bh5 23. f5 e5 24.
Nf3 Bxf3 25. Qxf3 Nd4 26. Qf1 Qf2 27. Qxf2 Rxf2 28. e4 Rxc2+ 29. Kb1 c6 30. Rh1 Kd7 31. a3 Rd2 32. Rh7 Ke7 33. Rh3 b5 34. Kc1 Nb3+ 35. Kb1 a5 36. Ka2 Nc5 37. Rh6 Nxd3 38. f6+ Ke6 39. Rh8 Rxb2+ 40. Ka1 Rb3 41. Re8+ Kxf6 42. Nd1 Rxa3+ 43. Kb1 Nc5 44. Ne3 Rxe3 0-1

[Event "*** Titled Tuesday Blitz"]
[Site "Chess.com"]
[Date "2021.04.06"]
[Round "2"]
[White "Genghis_K"]
[Black "Nuvas"]
[Result "1-0"]
[WhiteElo "2938"]
[BlackElo "2570"]
[TimeControl "180+1"]
[EndTime "10:17:51 PDT"]
[Termination "Genghis_K won by checkmate"]

1. e4 c5 2. Nf3 d6 3. d4 cxd4 4. Nxd4 Nf6 5. Nc3 a6 6. a3 e5 7. Nf5 d5 8. Bg5 d4 9. Bxf6 gxf6 10. Na2 Bxf5 11. exf5 Nc6 12. Qf3 Qa5+ 13. b4 Qc7 14.
Bd3 Bd6 15. Be4 O-O 16. O-O Kh8 17. c3 Rg8 18. c4 Rg7 19. Nc1 Rag8 20. g3 a5 21. c5 Be7 22. Nd3 Nd8 23. Rfc1 b6 24.
c6 Bd6 25. bxa5 bxa5 26. a4 Be7 27. Rab1 Ba3 28. Rc2 Bd6 29. Kg2 Rg4 30. h3 R4g7 31. Rb5 Be7 32. Nb2 Bb4 33. Nc4 Bc3 34. Nb6 Qd6 35. Rd5 Qxc6 36. Nd7 Qxa4 37. Nxf6 Rf8 38. Rxe5 d3 39. Rxc3 d2 40. Rd3 Qa1 41. Nd7 f6 42. Nxf8 Qxe5 43. Rxd8 Qe7 44. Ng6# 1-0

[Event "*** Titled Tuesday Blitz"]
[Site "Chess.com"]
[Date "2021.04.06"]
[Round "2"]
[White "kingnb"]
[Black "Byniolus"]
[Result "0-1"]
[WhiteElo "2559"]
[BlackElo "2892"]
[TimeControl "180+1"]
[EndTime "10:17:51 PDT"]
[Termination "Byniolus won by resignation"]

1. d4 d6 2. Nf3 Bg4 3. e3 Nf6 4. Be2 Nbd7 5. Nbd2 e5 6. h3 Bh5 7.
b3 c6 8. Bb2 e4 9. Ng1 Bxe2 10.
Nxe2 d5 11. c4 a6 12. a3 Bd6 13. b4 b5 14. cxd5 cxd5 15. Qb3 Nb6 16. Nc3 O-O 17. a4 Qd7 18. axb5 axb5 19. O-O Nc4 20. Rxa8 Rxa8 21. Ndb1 h5 22. Na3 Nd2 23. Qd1 Nxf1 24. Qxf1 Bxb4 25. Naxb5 Qc6 26. Qe2 Qc4 27. Qxc4 dxc4 28. Kf1 Ra5 29.
Ke2 Kf8 30. f3 Be7 31. fxe4 Nxe4 32. Nxe4 Rxb5 33. Bc1 Bb4 34. Kd1 f5 35. Ng5 Ke7 36. Kc2 Kf6 37. Nf3 g5 38. Ne5 Rxe5 39. dxe5+ Kxe5 40. Bb2+ Ke4 41. Bd4 g4 42. hxg4 fxg4 43. Ba7 h4 44. Kd1 Kd3 45. e4 c3 46. e5 c2+ 0-1

[Event "*** Titled Tuesday Blitz"]
[Site "Chess.com"]
[Date "2021.04.06"]
[Round "2"]
[White "Titus369"]
[Black "QuintilianoR"]
[Result "1-0"]
[WhiteElo "2512"]
[BlackElo "2704"]
[TimeControl "180+1"]
[EndTime "10:17:51 PDT"]
[Termination "Titus369 won by resignation"]

1. e4 c5 2. Nf3 d6 3. d4 cxd4 4. Nxd4 Nf6 5. Nc3 a6 6. h3 e6 7. g4 Nfd7 8. Bg2 Be7 9. g5 Nc6 10. h4 O-O 11. Be3 Nxd4 12. Bxd4 Rb8 13. Ba7 Ra8 14. Be3 Rb8 15. Ba7 Ra8 16. Be3 b5 17. f4 Bb7 18. Ne2 Rc8 19. Ng3 Qc7 20.
c3 d5 21. exd5 exd5 22. O-O Bc5 23. Bd4 Bxd4+ 24. Qxd4 Nc5 25. Bh3 Ne6 26. Bxe6 fxe6 27. Rae1 Rce8 28. Re5 Bc8 29. Kg2 Rf7 30. f5 Ref8 31.
f6 gxf6 32. gxf6 Kh8 33. Nh5 Rg8+ 34. Rg5 Rxg5+ 35. hxg5 e5 36. Re1 Qd7 37. Qxe5 Qh3+ 38. Kg1 h6 39. Qe8+ Kh7 40. Qxf7+ 1-0

[Event "*** Titled Tuesday Blitz"]
[Site "Chess.com"]
[Date "2021.04.06"]
[Round "2"]
[White "ridnani2021"]
[Black "ymoy"]
[Result "1-0"]
[WhiteElo "2355"]
[BlackElo "2698"]
[TimeControl "180+1"]
[EndTime "10:17:51 PDT"]
[Termination "ridnani2021 won by resignation"]

1. e4 c5 2. Nf3 d6 3. d4 cxd4 4. Qxd4 Nf6 5. e5 Nc6 6. Bb5 dxe5 7. Qxd8+ Kxd8 8. Bxc6 bxc6 9. Nxe5 Ke8 10. O-O Bf5 11. c4 e6 12. Nxc6 Bc5 13. Nc3 Rc8 14. Ne5 Bd4 15. Re1 Ke7 16. Bf4 Rhd8 17. Rad1 Nh5 18. Nb5 Bxe5 19. Bxe5 Rxd1 20. Rxd1 Rxc4 21. Nxa7 f6 22.
Bd6+ Kf7 23. b4 e5 24. b5 Nf4 25. b6 Be4 26. f3 Ba8 27. Nb5 Rc2 28. a4 Rxg2+ 29.
Kf1 Bxf3 30. Rc1 Be2+ 31. Ke1 Nd3+ 32. Kd2 Nxc1 33. Kxc1 Bf3 34. a5 Ra2 35. Ba3 e4 36.
b7 e3 37. b8=Q e2 38. Qc7+ Kg6 39. Qg3+ Kh6 40. Bb4 Ra1+ 41. Kb2 Rd1 42. Qxf3 1-0